 Dungeon Crawl Stone Soup version 0.25.0-9-g26727b657a (webtiles) character file.

Game seed: 16364918302368064845

15 Esekla the Magician (level 2, 0/16 HPs)
             Began as a Deep Elf Warper on June 20, 2020.
             Killed from afar by Sigmund (6 damage)
             ... with a puff of flame
             ... on level 3 of the Dungeon.
             The game lasted 00:03:52 (635 turns).

Esekla the Magician (Deep Elf Warper)                Turns: 635, Time: 00:03:53

Health: 0/16       AC:  3    Str:  8    XL:     2   Next: 34%
Magic:  4/8        EV: 12    Int: 17    God:
Gold:   61         SH:  0    Dex: 14    Spells: 4/8 levels left

rFire    . . .     SeeInvis .   c - +2 dagger (vamp)
rCold    . . .     Gourm    .   (no shield)
rNeg     . . .     Faith    .   b - +0 leather armour
rPois    .         Spirit   .   (no helmet)
rElec    .         Reflect  .   (no cloak)
rCorr    .         Harm     .   (no gloves)
MR       .....                  (no boots)
Stlth    +.........             (no amulet)
HPRegen  0.05/turn              (no ring)
MPRegen  0.11/turn              (no ring)

@: very slightly contaminated
A: no striking features
a: no special abilities


You were on level 3 of the Dungeon.
You were not hungry.

You visited 1 branch of the dungeon, and saw 3 of its levels.

You collected 61 gold pieces.

Inventory:

Hand Weapons
 a - a +0 falchion
 c - a +2 vampiric dagger (weapon)
Missiles
 e - 5 boomerangs of dispersal (quivered)
Armour
 b - a +0 leather armour (worn)
Scrolls
 d - a scroll of blinking
 g - a scroll of magic mapping {unknown}
 h - a scroll of enchant weapon {unknown}
Comestibles
 f - 4 rations


   Skills:
 - Level 1.5 Fighting
 * Level 2.2 Long Blades
 + Level 1.0 Throwing
 - Level 0.7 Armour
 * Level 2.6 Dodging
 + Level 3.6 Spellcasting
 + Level 3.2 Translocations


You had 4 spell levels left.
You knew the following spells:

 Your Spells              Type           Power        Failure   Level  Hunger
a - Shroud of Golubria    Chrm/Tloc      #.....       19%         2    ##.....
b - Blink                 Tloc           N/A          9%          2    ##.....

Your spell library contained the following spells:

 Spells                   Type           Power        Failure   Level  Hunger
 Gell's Gravitas          Tloc           ##........   19%         3    ###....
 Lesser Beckoning         Tloc           ##........   19%         3    ###....
 Teleport Other           Tloc           ##......     19%         3    ###....
 Passage of Golubria      Tloc           N/A          52%         4    ####...


Dungeon Overview and Level Annotations

Branches:
Dungeon (3/15)

Altars:

Annotations:
D:3 Sigmund


Message History

Found a ring mail.
Found 14 gold pieces.
Your shroud unravels.
You now have 61 gold pieces (gained 14).
A worm and Sigmund come into view.
Sigmund hits you from afar with a +0 scythe.
Sigmund closely misses you.
Sorry, you're not good enough to have a special ability.
Casting: Shroud of Golubria (safe; 19% risk of failure)
Confirm with . or Enter, or press ? or * to list all spells.
You miscast Blink.
You are very lightly contaminated with residual magic.
Nothing appears to happen.
Casting: Blink (safe; 9% risk of failure)
Confirm with . or Enter, or press ? or * to list all spells.
You blink.
Sigmund hits you from afar with a +0 scythe.
Sigmund points at you and mumbles some strange words.
The puff of flame hits you.
You die...

###. ... ########.#
#......#.#####.P
#.####...w.....P
#....#@..####...
#..#.....#####
#####....#........
.........@.####### #
#####..#### #.
#......##########
#.##.##..[##.......#
###.........##.......#
............##>......#
.........##..........#
.........#####.......#
.###.....# #...†...#


You could see Sigmund and a worm.

Vanquished Creatures
  An adder (D:2)
  A giant cockroach (D:3)
  2 hobgoblins (D:2)
  2 bats (D:1)
  A rat (D:2)
7 creatures vanquished.

Notes
Turn   | Place    | Note
-------+----------+-------------------------------------------
     0 | D:1      | Esekla the Deep Elf Warper began the quest for the Orb.
     0 | D:1      | Reached XP level 1. HP: 12/12 MP: 6/6
   286 | D:2      | Reached XP level 2. HP: 9/16 MP: 6/8
   593 | D:2      | Learned a level 2 spell: Shroud of Golubria
   596 | D:2      | Learned a level 2 spell: Blink
   628 | D:3      | Noticed Sigmund
   635 | D:3      | Killed from afar by Sigmund

Illustrated notes

Levels and vault maps discovered:
D:1:      lightli_arrival_flooded_house, layout_basic, kennysheep_nondescript,
          minmay_misc_feat_columns, patterned_corridor
D:2:      minmay_razor_zed, layout_basic, makhleb_heckhound_becter
D:3:      layout_loops_cross, grunt_temple_overflow_forces_of_nature,
          lemuel_round_altar, first_ration, chequers_ecumenical_altar_island,
          uniq_sigmund, uniq_ijyb

Skill      XL: |  1 |
---------------+----+-----
Long Blades    | 2 |  2.2
Fighting       | |  1.5
Throwing       | |  1.0
Armour         | |  0.7
Dodging        | |  2.6
Spellcasting   | |  3.6
Translocations | |  3.2

Action                   || total
-------------------------++-------
Melee: Dagger            ||    24
 Cast: Blink             ||     1
       Shroud of Golubri ||     1
Armor: Leather armour    ||     5
Dodge: Dodged            ||    14
